 Dungeon Crawl Stone Soup version 0.16.1-28-gcc2312f (webtiles) character file.

177 Kidiri the Sneak (level 5, -3/34 HPs)
             Began as a Halfling Assassin on May 27, 2015.
             Killed from afar by Blork the orc (6 damage)
             ... with a puff of flame
             ... on level 4 of the Dungeon.
             The game lasted 00:36:02 (3739 turns).

Kidiri the Sneak (Halfling Assassin)                Turns: 3739, Time: 00:36:02

Health: -3/34      AC:  4    Str: 11    XL:     5   Next: 87%
Magic:  5/5        EV: 21    Int: 10    God:
Gold:   176        SH:  0    Dex: 22    Spells: 0 memorised, 4 levels left

rFire  . . .     SeeInvis .     b - +0 blowgun
rCold  . . .     Clarity  .     c - +0 robe
rNeg   . . .     SustAb   .     (no shield)
rPois  .         Gourm    .     (no helmet)
rElec  .         Spirit   .     d - +0 cloak
rCorr  .         Warding  .     (no gloves)
rMut   .         Stasis   .     w - +0 pair of boots
MR     .....                    (no amulet)
Stlth  +++++.....               (no ring)
                                (no ring)

@: agile, not resistant to hostile enchantments, quite stealthy
A: mutation resistance 1
a: no special abilities


You were on level 4 of the Dungeon.
You were not hungry.

You visited 1 branch of the dungeon, and saw 4 of its levels.

You collected 176 gold pieces.

Inventory:

Hand weapons
 a - a +2 dagger
 b - a +0 blowgun (weapon)
 i - a +0 dagger
 t - a +0 dagger
 u - a +0 dagger
 x - a +0 dagger
Missiles
 e - 21 poisoned needles (quivered)
 f - 2 curare-tipped needles
Armour
 c - a +0 robe (worn)
 d - a +0 cloak (worn)
 w - a +0 pair of boots (worn)
Scrolls
 h - a scroll of amnesia
 j - a scroll of magic mapping
 l - a scroll of remove curse
 n - a scroll of fear
 p - a scroll of teleportation {unknown}
 q - a scroll of enchant armour {unknown}
 s - a scroll of noise {unknown}
 v - 3 scrolls of identify
 y - a scroll of fog {unknown}
Potions
 m - a potion of cancellation
 r - a potion of brilliance
 z - 2 potions of curing {unknown}
Comestibles
 g - 4 bread rations
 o - 4 meat rations


   Skills:
 + Level 2.1 Fighting
 * Level 4.2 Short Blades
 * Level 4.5 Throwing
 * Level 2.3 Dodging
 * Level 5.3 Stealth


You had 4 spell levels left.
You didn't know any spells.

Dungeon Overview and Level Annotations

Branches:
Dungeon (4/15)
 Temple: D:4-7

Altars:
Ashenzari
Makhleb

Annotations:
D:4 Blork the orc


Innate Abilities, Weirdness & Mutations

You are small and have problems with some larger weapons.
You are somewhat resistant to further mutation.


Message History

You close the door.
Blork the orc opens the door.
Blork the orc closely misses you.
You close the door.
Blork the orc opens the door.
You close the door.
Blork the orc opens the door.
Blork the orc points at you and mumbles some strange words.
The puff of flame hits you!
You close the door.
Blork the orc opens the door.
As you close the door, it creaks loudly!
Blork the orc opens the door.
Blork the orc hits you from afar with a halberd!
* * * LOW HITPOINT WARNING * * *
Drink which item? (? for menu, Esc to quit)
Okay, then.
Drink which item? (? for menu, Esc to quit)
You feel agile all of a sudden.
Blork the orc gestures wildly while chanting.
Blork the orc flickers and vanishes!
Deactivating autopickup; reactivate with Ctrl-A.
The puff of flame hits you!
You die...

.........<...#...........
.(...........#.#########.
≈(............# #.#<#.
§§#(........### #...#.
#.........# #.#...
#...{.....# #.#.#.
#####'#'#########.#.#.
#.#...........#...
#@#############...
#.................
##################
.#####################
>...................†.#
.###....############.#
.###....############..
................(......
.###....#############.


There were no monsters in sight!

Vanquished Creatures
  A hound (D:4)
  4 adders (D:2)
  A giant mite (D:3)
  5 worms
  A giant gecko (D:3)
  An ooze (D:1)
  3 giant cockroaches
  12 goblins
  6 hobgoblins
  5 jackals (D:1)
  2 quokkas
  11 bats
  3 giant newts (D:3)
  14 kobolds
  13 rats
82 creatures vanquished.

Notes
Turn   | Place    | Note
--------------------------------------------------------------
     0 | D:1      | Kidiri, the Halfling Assassin, began the quest for the Orb.
     0 | D:1      | Reached XP level 1. HP: 14/14 MP: 1/1
   192 | D:1      | Reached XP level 2. HP: 19/19 MP: 2/2
   495 | D:1      | Reached XP level 3. HP: 17/24 MP: 3/3
   989 | D:2      | You fall through a shaft!
   998 | D:3      | Found a burning altar of Makhleb.
  1000 | D:3      | Found a shattered altar of Ashenzari.
  1456 | D:3      | Reached XP level 4. HP: 29/29 MP: 4/4
  2177 | D:2      | Reached skill level 5 in Stealth
  2490 | D:2      | Reached XP level 5. HP: 32/34 MP: 5/5
  3549 | D:4      | Noticed Blork the orc
  3739 | D:4      | Killed from afar by Blork the orc

Action                   |  1- 3 |  4- 6 || total
-------------------------+-------+-------++-------
Melee: Dagger            |   143 |   159 ||   302
 Fire: Blowgun           |     6 |    13 ||    19
  Use: Scroll            |     5 |     1 ||     6
       Potion            |       |     3 ||     3
 Stab: Sleeping          |     8 |    11 ||    19
  Eat: Chunk             |     1 |     4 ||     5
       Beef jerky        |       |     1 ||     1
       Bread ration      |       |     1 ||     1
